 Dungeon Crawl Stone Soup version 0.28-b1 (webtiles) character file.

Game seed: 7611247789202537165

198197 Kaptain the Earth Mage (level 18, -27/112 HPs)
             Began as a Gargoyle Earth Elementalist on Jan 26, 2022.
             Killed from afar by a deep elf knight (43 damage)
             ... with a shard of ice
             ... on level 1 of the Elven Halls.
             The game lasted 02:33:45 (43579 turns).

Kaptain the Earth Mage (GrEE)                      Turns: 43579, Time: 02:33:47

Health: -27/112    AC: 27    Str: 12    XL:     18   Next: 88%
Magic:  24/35      EV: 12    Int: 24    God:
Gold:   2915       SH: 10    Dex: 10    Spells: 19/44 levels left

rFire   + + .      SeeInvis .   L - staff of conjuration
rCold   x . .      Faith    .   T - +0 kite shield {rC+}
rNeg    + . .      Spirit   .   d - +1 steam dragon scales
rPois   ∞          Reflect  .   E - +2 hat {Will+}
rElec   +          Harm     .   C - +0 cloak {rCorr}
rCorr   +          Rampage  .   (no gloves)
Will    ++...                   K - +0 pair of boots
Stlth   +++++.....              y - amulet of magic regeneration
HPRegen 0.28/turn               p - ring of fire
MPRegen 0.64/turn               S - ring of fire

@: flying, studying Ice Magic
A: sickness immunity, AC +13, big wings, negative energy resistance 1,
electricity resistance, torment resistance 1, petrification resistance
a: no special abilities


You were on level 1 of the Elven Halls.
You visited 7 branches of the dungeon, and saw 30 of its levels.
You also visited: Ossuary, Bailey and Ice Cave.

You collected 3510 gold pieces.
You spent 595 gold pieces at shops.

Inventory:

Hand Weapons
 c - the +3 dagger of Feral True Grit {protect, Drain rElec Dex+2 SInv}
   (You found it on level 10 of the Dungeon)

   It grants its wielder temporary protection when it strikes (+7 to AC).
   Dex:       It affects your dexterity (+2).
   rElec:     It insulates you from electricity.
   SInv:      It lets you see invisible.
   Drain:     It drains your maximum health when unequipped.
 f - a +5 flail of venom
 h - a +3 scimitar of flaming
 V - a +0 trident of protection
 Y - a +4 scimitar of freezing
Missiles
 e - 301 stones
 N - a throwing net
Armour
 d - +1 steam dragon scales (worn)
 A - +0 acid dragon scales
 C - a +0 cloak of preservation (worn)
 E - a +2 hat of willpower (worn)
 I - an orb of energy
 K - a +0 pair of boots (worn)
 T - a +0 kite shield of cold resistance (worn)
 U - a +0 troll leather armour
Magical Staves
 L - a staff of conjuration (weapon)
Jewellery
 o - a ring of protection from fire
 p - a ring of fire (left hand)
 y - an amulet of magic regeneration (around neck)
 D - an amulet of regeneration
 S - a ring of fire (right hand)
 X - a ring of protection from cold
 Z - a ring of magical power
Wands
 w - a wand of acid (6)
 R - a wand of paralysis (6)
 W - a wand of mindburst (4)
Scrolls
 l - 6 scrolls of amnesia
 t - 2 scrolls of holy word
 u - 11 scrolls of identify
 x - 4 scrolls of enchant armour
 B - 2 scrolls of fog
 F - 3 scrolls of summoning
 G - 3 scrolls of enchant weapon
 J - a scroll of fear
 M - 4 scrolls of teleportation
 O - 2 scrolls of magic mapping
 Q - 4 scrolls of immolation
Potions
 a - a potion of heal wounds
 b - 5 potions of mutation
 j - a potion of invisibility
 k - 9 potions of curing
 m - 5 potions of magic
 n - 4 potions of lignification
 q - 5 potions of resistance
 r - 3 potions of brilliance
 s - a potion of ambrosia
 v - 2 potions of cancellation
 H - 4 potions of haste
 P - a potion of berserk rage
Miscellaneous
 g - a phial of floods (inert)
 i - a phantom mirror
 z - a condenser vane


   Skills:
 + Level 11.9 Fighting
 + Level 11.2 Armour
 + Level 6.0 Dodging
 + Level 12.6 Stealth
 + Level 9.0 Shields
 * Level 13.7 Spellcasting
 * Level 14.8 Conjurations
 - Level 0.7 Transmutations
 * Level 9.3 Fire Magic
 * Level 17.0 Earth Magic


You had 19 spell levels left.
You knew the following spells:

 Your Spells              Type           Power      Damage    Failure   Level
a - Sandblast             Erth           100%       2d20      0%          1
b - Stone Arrow           Conj/Erth      100%       3d13      1%          3
c - Petrify               Tmut/Erth      56%        N/A       2%          4
d - Fireball              Conj/Fire      64%        3d24      1%          5
e - Sticky Flame          Conj/Fire      100%       2d11      1%          4
f - Iron Shot             Conj/Erth      48%        9d9       1%          6
g - Blink                 Tloc           32%        N/A       13%         2

Your spell library contained the following spells:

 Spells                   Type           Power      Damage    Failure   Level
 Magic Dart               Conj           100%       1d8       1%          1
 Passwall                 Tmut/Erth      46%        N/A       1%          2
 Searing Ray              Conj           100%       2d8       1%          2
 Conjure Flame            Conj/Fire      100%       6-21      1%          3
 Animate Armour           Summ/Erth      100%       N/A       2%          4
 Leda's Liquefaction      Hex/Erth       27%        N/A       2%          4
 Fulminant Prism          Conj/Hex       33%        3d16      4%          4
 Ignite Poison            Fire/Tmut/Pois 65%        N/A       6%          3
 Borgnjor's Vile Clutch   Necr/Erth      27%        N/A       7%          5
 Animate Skeleton         Necr           32%        N/A       9%          1
 Apportation              Tloc           32%        N/A       9%          1
 Pain                     Necr           64%        1d7       9%          1
 Summon Small Mammal      Summ           64%        N/A       9%          1
 Corpse Rot               Necr/Air       32%        N/A       13%         2
 Poisonous Vapours        Pois/Air       32%        N/A       13%         2
 Gell's Gravitas          Tloc           16%        N/A       26%         3
 Lesser Beckoning         Tloc           16%        N/A       26%         3
 Ozocubu's Armour         Ice            16%        N/A       26%         3
 Teleport Other           Tloc           16%        N/A       26%         3
 Summon Ice Beast         Ice/Summ       16%        N/A       63%         4
 Blade Hands              Tmut           10%        N/A       86%         5
 Alistair's Intoxication  Tmut/Pois      12%        N/A       90%         5
 Agony                    Necr           16%        N/A       93%         5
 Excruciating Wounds      Necr           8%         N/A       93%         5
 Manifold Assault         Tloc           16%        N/A       93%         5
 Metabolic Englaciation   Hex/Ice        8%         N/A       93%         5
 Summon Mana Viper        Hex/Summ       16%        N/A       93%         5
 Simulacrum               Ice/Necr       8%         N/A       100%        6
 Monstrous Menagerie      Summ           8%         N/A       100%        7
 Storm Form               Tmut/Air       9%         N/A       100%        7
 Borgnjor's Revivificati  Necr           8%         N/A       100%        8
 Necromutation            Tmut/Necr      9%         N/A       100%        8
 Death's Door             Necr           8%         N/A       100%        9


Dungeon Overview and Level Annotations

Branches:
Dungeon (13/15)            Temple (1/1) D:6            Lair (6/6) D:8
  Swamp (4/4) Lair:2        Snake (3/4) Lair:4        Slime (0/5) Lair:5
    Orc (2/2) D:9             Elf (1/3) Orc:2        Vaults (0/5) D:13
Ossuary (visited)          Bailey (visited)           IceCv (visited)

Altars:
Ashenzari
Cheibriados
Dithmenos
Elyvilon
Fedhas
Gozag
Hepliaklqana
Kikubaaqudgha
Makhleb
Nemelex Xobeh
Okawaru
Qazlal
Ru
Sif Muna
Trog
Uskayaw
Vehumet
Wu Jian
Xom
Yredelemnul
Zin
The Shining One
Beogh
Jiyva

Shops:
D:11 *   Orc:1 =   Orc:2 *[!=[=[

Annotations:
D:7 3 runed translucent doors, Kaptain's ghost, novice GrEE
Lair:6 Nessos
Snake:3 Kirke
Orc:1 Donald


Innate Abilities, Weirdness & Mutations

You are immune to sickness and miasma.
Your stone body is resilient. (AC +13)
You are immune to poison.
Your large and strong wings let you fly.
You resist negative energy. (rN+)
You are resistant to electric shocks. (rElec)
You are resistant to unholy torment.
You are immune to petrification.


Message History

A +4 vorpal battleaxe comes into view.
The deep elf pyromancer is empowered by the deep elf high priest's aura!
A deep elf high priest comes into view.
It is wielding a +0 scimitar of protection.
The deep elf high priest calls down the wrath of its god upon you.
The sphere of damnation explodes!
The damnation engulfs you!!
The deep elf pyromancer gestures wildly while chanting.
The deep elf pyromancer blinks!
Your Dodging skill increases to level 6!
Casting: Fireball (dangerous; 1% risk of failure)
Confirm with . or Enter, or press ? or * to list all spells.
Aiming: Fireball (dangerous; 1% risk of failure)
Press: ? - help, Shift-Dir - straight line, f - deep elf archer
Aim: a deep elf archer, wielding a +0 longbow, wearing a +0 leather armour and quivering arrows (heavily wounded, spells empowered, repelling missiles)
Okay, then.
The deep elf pyromancer gestures wildly while chanting.
A deep elf pyromancer comes into view. It is wielding a +0 long sword.
The deep elf archer shoots an arrow.
The arrow misses you.
The deep elf archer unwields a +0 short sword.
The deep elf archer wields a +0 longbow.
The deep elf archer shoots an arrow.
The arrow hits you but does no damage.
The deep elf pyromancer mumbles some strange words. x2
You reach down and open the door.
You hear some strange, mumbled words.
A lance of force appears from out of thin air!
The lance of force misses you.
You hear some strange, mumbled words.
A lance of force appears from out of thin air!
The lance of force hits you!
You are knocked back by the lance of force.
You slam into the rock wall!
You reach down and close the door.
Something unseen opens the door.
You hear some strange, mumbled words.
A shard of ice appears from out of thin air!
The shard of ice hits you!!
You feel a painful chill!
* * * LOW HITPOINT WARNING * * *
You hear some strange, mumbled words.
A shard of ice appears from out of thin air!
The shard of ice hits you!!!
You feel a painful chill!
You die...

#...#.#.[.#...#...#...#..
#...#.#...#...###########
#...#.#...#...#
#...#.#...##### #...#.#
#...# #...# #e.#(e#..
#...#.#########8(eEe$e..
#...#...@.....#8.e..ee..
#...#######{####e)#e.#○○
#.............#8..○)...
#.............#8..)oE
#...........E☼##''#++#++
#############.(°o.......
############


You could see a fire elemental (summoned) and a +4 vorpal battleaxe.

Vanquished Creatures
  Vashnia (Snake:2)
  Nikola (Swamp:3)
  A tentacled monstrosity (Swamp:4)
  Agnes (Snake:2)
  Gastronok (Orc:1)
  3 thorn hunters
  A frost giant (IceCv)
  The ghost of Bunnuime the Ruinous, an adept DECj of Sif Muna (Snake:1)
  An ironbound preserver (D:13)
  5 eleionomae
  3 bunyips
  Azrael (Orc:1)
  Snorg (D:12)
  Josephine (Swamp:1)
  Erolcha (Orc:1)
  4 ogre magi (Orc:2)
  16 hydras
  2 boulder beetles (D:12)
  5 anacondas
  5 centaur warriors (D:13)
  2 death knights
  A tengu warrior (Swamp:3)
  A catoblepas (D:13)
  2 dancing weapons (Elf:1)
  22 two-headed ogres
  7 death yaks (IceCv)
  2 ghost crabs
  2 alligators
  An orc high priest (Elf:1)
  2 shock serpents
  The ghost of Netaeli the Unspoiled, a journeyman SpVM of Qazlal (D:12)
  4 naga sharpshooters (Snake:2)
  Nergalle (Lair:3)
  Sonja (Lair:2)
  A deep elf knight (Elf:1)
  A salamander mystic (Snake:2)
  2 skeletal warriors (D:11)
  A sea snake (Snake:2)
  The ghost of UpsideDownChuck the Slicer, a novice HaBr of Trog (D:8)
  3 goliath frogs
  5 spriggan druids
  5 swamp dragons
  6 bog bodies
  4 orc knights
  A phantasmal warrior (D:11)
  3 naga ritualists (Snake:1)
  2 deep elf archers (Elf:1)
  A lindwurm (Lair:6)
  A deep elf zephyrmancer (Elf:1)
  4 mana vipers
  2 oklob plants (Snake:1)
  6 deep elf pyromancers
  3 salamanders
  8 cyclopes
  3 ugly things
  31 black mambas
  3 manticores (D:13)
  Maurice (D:8)
  An ice statue (IceCv)
  A guardian serpent (Snake:2)
  16 elephants
  A black mamba (shapeshifter) (D:13)
  10 naga magi
  3 gargoyles
  Maggie (D:8)
  Joseph (D:8)
  13 cane toads
  An unseen horror (D:12)
  3 rime drakes (IceCv)
  2 yaktaurs (shapeshifter) (D:13)
  8 komodo dragons
  2 kobold demonologists
  A tengu conjurer (Swamp:3)
  3 trolls
  7 polar bears
  A bloated husk (Swamp:2)
  3 meliai (D:13)
  5 tyrant leeches
  A tarantella (shapeshifter) (D:13)
  5 hornets
  13 blink frogs
  Sigmund (D:2)
  A shadow (D:10)
  9 spriggans
  7 wyverns
  13 wraiths
  4 basilisks
  65 yaks
  A hog (Snake:2)
  A fire elemental (Orc:2)
  2 steam dragons
  Edmund (D:4)
  6 vampire mosquitoes
  15 swamp worms
  15 water moccasins
  6 wargs
  3 acid dragons
  14 nagas
  6 hell hounds
  14 two-headed ogre zombies (Orc:1)
  10 swamp drakes
  37 orc warriors
  A sky beast (D:8)
  25 ogres
  A necrophage (D:6)
  2 black bears
  63 wolves
  17 centaurs
  15 kobold brigands
  A phantom (D:6)
  The ghost of Tzialkovskiy the Digger, an amateur GrEE (D:3)
  12 bullfrogs
  2 scorpions
  3 two-headed ogre simulacra (Orc:2)
  3 water moccasin zombies (Ossuary)
  3 wyvern zombies (Ossuary)
  An elephant simulacrum (Orc:2)
  A wight (D:8)
  A killer bee (D:8)
  11 howler monkeys
  3 electric eels (D:8)
  6 bullfrog zombies
  8 centaur zombies
  2 jellies
  2 gnoll shamans
  24 orc priests
  A hound (D:7)
  A centaur skeleton (D:7)
  An iguana (D:6)
  32 orc wizards
  A hell rat (Lair:5)
  A polar bear simulacrum (Orc:2)
  A troll simulacrum (Orc:2)
  6 killer bee zombies
  A wolf simulacrum (Orc:2)
  An ogre zombie (Orc:1)
  A hound skeleton (D:4)
  11 mummies (Ossuary)
  4 howler monkey zombies
  16 gnolls
  7 adders
  A naga simulacrum (Orc:2)
  3 shadow imps
  A white imp (D:6)
  An ufetubus (D:4)
  An adder skeleton (D:4)
  A worm (D:2)
  3 dart slugs
  114 orcs
  9 endoplasms
  6 giant cockroaches
  11 goblins
  4 hobgoblins
  26 kobolds
  A quokka (D:4)
  5 ball pythons
  4 bats
  8 frilled lizards
  4 rats
1031 creatures vanquished.

Vanquished Creatures (others)
  A deep elf high priest (Elf:1)
  An alligator (Swamp:4)
  A rime drake (IceCv)
  2 bloated husks
  27 fungi
  50 plants
  5 withered plants (Ossuary)
87 creatures vanquished.

Grand Total: 1118 creatures vanquished

Notes
Turn   | Place    | Note
-------+----------+-------------------------------------------
     0 | D:1      | Kaptain the Gargoyle Earth Elementalist began the quest for
                  | the Orb.
     0 | D:1      | Reached XP level 1. HP: 10/10 MP: 3/3
    68 | D:1      | Reached XP level 2. HP: 15/15 MP: 1/5
   775 | D:1      | Reached skill level 4 in Earth Magic
   894 | D:1      | Reached XP level 3. HP: 20/20 MP: 0/6
  1312 | D:2      | Noticed a scorpion
  1316 | D:2      | Killed a scorpion
  1317 | D:2      | Reached skill level 1 in Fighting
  1317 | D:2      | Reached skill level 1 in Armour
  1317 | D:2      | Reached XP level 4. HP: 14/25 MP: 4/8
  1492 | D:2      | Learned a level 3 spell: Stone Arrow
  1720 | D:2      | Noticed Sigmund
  1728 | D:2      | Killed Sigmund
  1729 | D:2      | Reached skill level 5 in Earth Magic
  1729 | D:2      | Reached XP level 5. HP: 17/30 MP: 1/10
  1729 | D:2      | Reached XP level 6. HP: 20/35 MP: 1/11
  2220 | D:3      | Found a faded altar of an unknown god.
  2346 | D:3      | Found a hazy altar of Hepliaklqana.
  2408 | D:3      | Found a runed translucent gate.
  2409 | D:3      | Found a runed translucent gate.
  2410 | D:3      | Found a runed translucent gate.
  2410 | D:3      | Noticed Tzialkovskiy's ghost (amateur GrEE)
  2422 | D:3      | Killed Tzialkovskiy's ghost
  2840 | D:3      | Reached XP level 7. HP: 40/40 MP: 10/12
  2920 | D:4      | Noticed Edmund
  3486 | D:4      | Killed Edmund
  3487 | D:4      | Reached skill level 1 in Conjurations
  3988 | D:4      | Reached skill level 6 in Earth Magic
  4315 | D:5      | Entered Level 5 of the Dungeon
  5097 | D:6      | Noticed a steam dragon
  5109 | D:6      | HP: 2/40 [steam dragon (4)]
  5111 | D:6      | Killed a steam dragon
  5112 | D:6      | Reached XP level 8. HP: 3/46 MP: 2/14
  5462 | D:6      | Found a staircase to the Ecumenical Temple.
  5669 | Temple   | Entered the Ecumenical Temple
  6553 | D:6      | Reached skill level 7 in Earth Magic
  6560 | D:6      | Found a hide-covered altar of Uskayaw.
  6589 | D:6      | Reached skill level 5 in Spellcasting
  6598 | D:6      | Found a sacrificial altar of Ru.
  6960 | D:7      | Reached XP level 9. HP: 52/52 MP: 13/16
  6978 | D:7      | Reached skill level 5 in Stealth
  7422 | D:7      | Found a sand-covered staircase.
  7428 | Ossuary  | Entered an ossuary
  7902 | Ossuary  | Reached skill level 8 in Earth Magic
  7910 | Ossuary  | Reached skill level 5 in Conjurations
  8376 | Ossuary  | Reached skill level 5 in Fighting
  8376 | Ossuary  | Reached skill level 5 in Armour
  8376 | Ossuary  | Reached skill level 10 in Earth Magic
  8376 | Ossuary  | Reached XP level 10. HP: 60/60 MP: 17/21
  8800 | D:7      | Found a runed translucent gate.
  8800 | D:7      | Found a runed translucent gate.
  8800 | D:7      | Found a runed translucent gate.
  8801 | D:7      | Noticed Kaptain's ghost (novice GrEE)
  9614 | D:8      | Noticed Maggie
  9711 | D:8      | Reached XP level 11. HP: 36/64 MP: 9/22
 10211 | D:8      | Noticed a four-headed hydra
 10226 | D:8      | Killed a four-headed hydra
 10325 | D:8      | Found a staircase to the Lair.
 10494 | D:8      | Reached skill level 5 in Dodging
 10730 | D:8      | Learned a level 4 spell: Petrify
 10752 | D:8      | Noticed Maurice
 10759 | D:8      | Killed Maurice
 11160 | D:8      | Killed Maggie
 11165 | D:8      | Noticed UpsideDownChuck's ghost (novice HaBr)
 11175 | D:8      | Noticed a cyclops
 11281 | D:8      | Noticed Joseph
 11417 | D:8      | Killed Joseph
 11499 | D:8      | Found a runed translucent gate.
 11499 | D:8      | Found a runed translucent gate.
 11499 | D:8      | Found a runed translucent gate.
 11584 | D:8      | Reached skill level 1 in Shields
 12342 | D:9      | Noticed a two-headed ogre
 12349 | D:9      | Killed a two-headed ogre
 12533 | D:9      | Got the Almanac of the Several Seers
 12540 | D:9      | Learned a level 5 spell: Fireball
 12687 | D:9      | Found a glowing silver altar of Zin.
 13040 | D:9      | Noticed a two-headed ogre
 13050 | D:9      | Killed a two-headed ogre
 13051 | D:9      | Reached skill level 11 in Earth Magic
 13248 | D:9      | Found a staircase to the Orcish Mines.
 13797 | Lair:1   | Entered Level 1 of the Lair of Beasts
 13810 | Lair:1   | Reached skill level 1 in Fire Magic
 14089 | Lair:1   | Reached XP level 12. HP: 61/71 MP: 6/24
 14612 | Lair:1   | Noticed an eight-headed hydra
 14626 | Lair:1   | Killed an eight-headed hydra
 15760 | Lair:2   | Found a staircase to the Swamp.
 15879 | Lair:2   | Identified the +0 chain mail of Ylausapt {*Corrode rElec
                  | rPois Will-}
 16154 | Lair:2   | Noticed Sonja
 16159 | Lair:2   | Killed Sonja
 16160 | Lair:2   | Reached skill level 12 in Earth Magic
 16696 | Lair:3   | Reached skill level 10 in Conjurations
 16846 | Lair:3   | Reached XP level 13. HP: 76/76 MP: 19/26
 17500 | Lair:3   | Noticed Nergalle
 17507 | Lair:3   | Killed Nergalle
 18914 | Lair:4   | Found a staircase to the Snake Pit.
 20229 | Lair:5   | Reached skill level 13 in Earth Magic
 20246 | Lair:5   | Reached skill level 5 in Shields
 20249 | Lair:5   | Reached skill level 10 in Spellcasting
 20608 | Lair:5   | Found a viscous altar of Jiyva.
 20608 | Lair:5   | Found a staircase to the Slime Pits.
 21039 | Lair:6   | Entered Level 6 of the Lair of Beasts
 21239 | Lair:6   | Noticed Nessos
 21244 | Lair:5   | Gained mutation: Your large and strong wings let you fly.
                  | [Gargoyle growth]
 21244 | Lair:5   | Reached XP level 14. HP: 76/84 MP: 28/28
 21586 | Orc:1    | Entered Level 1 of the Orcish Mines
 22057 | Orc:2    | Entered Level 2 of the Orcish Mines
 22063 | Orc:2    | Found a frozen archway.
 22065 | Orc:2    | Found a staircase to the Elven Halls.
 22073 | Orc:2    | Found Epreybug's Armour Shoppe.
 22081 | Orc:2    | Found Awen Fal's General Store.
 22083 | Orc:2    | Noticed Azrael
 22085 | IceCv    | Entered an ice cave
 22764 | IceCv    | Noticed a frost giant
 22783 | IceCv    | Killed a frost giant
 23125 | IceCv    | Reached skill level 5 in Fire Magic
 23982 | Orc:1    | Noticed Gastronok
 24053 | Orc:1    | Reached skill level 10 in Stealth
 24108 | Orc:1    | Reached skill level 14 in Earth Magic
 24184 | Orc:1    | Killed Gastronok
 24478 | Orc:1    | Found Wask's Jewellery Shop.
 24706 | Orc:1    | Noticed Erolcha
 24751 | Orc:1    | Killed Erolcha
 25298 | Orc:2    | Noticed Donald
 25479 | Orc:1    | Reached XP level 15. HP: 69/90 MP: 13/30
 26122 | Orc:1    | Killed Azrael
 26734 | Orc:2    | Found Vexotim's Jewellery Boutique.
 26734 | Orc:2    | Found Ossu Imnean's Jewellery Emporium.
 26735 | Orc:2    | Found Megeg's Distillery.
 26735 | Orc:2    | Found Yniodatamo's Antique Armour Boutique.
 26749 | Orc:2    | Bought a potion of heal wounds for 80 gold pieces
 26756 | Orc:2    | Found Omowk's Antique Armour Emporium.
 27049 | Orc:2    | Bought a potion of heal wounds for 85 gold pieces
 27101 | Orc:2    | Found a shimmering blue altar of Sif Muna.
 27311 | Orc:2    | Bought an amulet of magic regeneration for 360 gold pieces
 28741 | D:8      | Killed UpsideDownChuck's ghost
 28989 | D:10     | Entered Level 10 of the Dungeon
 29168 | D:10     | Identified the +3 dagger of Feral True Grit {protect, Drain
                  | rElec Dex+2 SInv}
 29182 | D:10     | Found a flagged portal.
 29190 | Bailey   | Entered a bailey
 29575 | Bailey   | Reached skill level 10 in Fighting
 29575 | Bailey   | Reached XP level 16. HP: 97/98 MP: 24/32
 30219 | D:11     | Reached skill level 15 in Earth Magic
 31318 | D:11     | Found Cutuyqet's General Store.
 31336 | D:11     | Bought a potion of berserk rage for 70 gold pieces
 31787 | D:12     | Reached XP level 17. HP: 96/104 MP: 10/33
 31894 | D:12     | Reached skill level 10 in Armour
 32073 | D:12     | Identified the +0 tower shield "Apis Imu" {Dex+3}
 32171 | D:12     | Found a runed translucent gate.
 32172 | D:12     | Found a runed translucent gate.
 32172 | D:12     | Noticed Netaeli's ghost (journeyman SpVM)
 32173 | D:12     | Noticed Snorg
 32178 | D:12     | Killed Snorg
 32187 | D:12     | Identified the +10 plate armour of Gravity {Int+4 Dex+4}
 32217 | D:12     | Found a runed translucent gate.
 32235 | D:12     | Killed Netaeli's ghost
 33239 | D:13     | Found a gate to the Vaults.
 34727 | D:13     | Learned a level 4 spell: Sticky Flame
 35254 | Swamp:1  | Entered Level 1 of the Swamp
 35737 | Swamp:1  | Learned a level 6 spell: Iron Shot
 35911 | Swamp:1  | Noticed Josephine
 35916 | Swamp:1  | Killed Josephine
 36360 | Swamp:2  | Reached skill level 16 in Earth Magic
 36609 | Swamp:2  | Found a sparkling altar of Nemelex Xobeh.
 38395 | Swamp:3  | Noticed Nikola
 38414 | Swamp:3  | Killed Nikola
 38631 | Swamp:4  | Entered Level 4 of the Swamp
 38642 | Swamp:4  | Reached XP level 18. HP: 110/110 MP: 19/35
 38872 | Swamp:4  | Noticed a tentacled monstrosity
 38880 | Swamp:4  | Killed a tentacled monstrosity
 39371 | Snake:1  | Entered Level 1 of the Snake Pit
 39455 | Lair:4   | Learned a level 2 spell: Blink
 40185 | Snake:1  | Found a runed translucent door.
 40185 | Snake:1  | Noticed Bunnuime's ghost (adept DECj)
 40191 | Snake:1  | Killed Bunnuime's ghost
 40696 | Snake:2  | Noticed Vashnia
 41368 | Snake:2  | Killed Vashnia
 41809 | Snake:2  | Noticed Agnes
 41815 | Snake:2  | Killed Agnes
 42345 | Snake:3  | Reached skill level 17 in Earth Magic
 42811 | Snake:3  | Noticed Kirke
 42994 | Elf:1    | Entered Level 1 of the Elven Halls
 43579 | Elf:1    | Killed from afar by a deep elf knight

Illustrated notes

Levels and vault maps discovered:
D:1:      minmay_arrival_stone_box, layout_loops_corners, st_stairs_4
D:2:      layout_loops_ring, uniq_sigmund
D:3:      layout_basic, mainiacjoe_overflow_six_doors_small,
          ebering_ghost_rock_garden, basic_ecumenical_altar
D:4:      layout_basic, minivault_24, uniq_edmund
D:5:      layout_cave_pods
D:6:      layout_basic, mainiacjoe_overflow_two_lobes,
          minmay_temple_entry_ruins, dk_vineyard_1
D:7:      layout_basic, gammafunk_ghost_necromancy, nicolae_ossuary_entry_plus,
          minmay_chambers_of_fives
D:8:      layout_rooms, erik_lair_orcish_takeover, gammafunk_ghost_split,
          special_room [special_room_kobold], serial_bayou_lagoon_b,
          uniq_maurice, uniq_joseph, uniq_maggie
D:9:      layout_basic, mainiacjoe_overflow_catwalk, hiddenorc2_lemuel
D:10:     layout_roguey, enter_bailey_4
D:11:     kennysheep_windowed_halls, layout_cave_pods, serial_shops,
          nicolae_diamond_shop
D:12:     layout_basic, biasface_ghost_orc_armoury, uniq_snorg
D:13:     four-leaf_vault, layout_stronghold, skrybe_vaults_entry_preservation,
          grunt_ministairs_15
Temple:   hc_temple_tempest_star
Lair:1:   layout_regular_city, grunt_megastairs_2
Lair:2:   layout_chaotic_city, skrybe_swamp_entry_bodies, serial_bayou_shore_b,
          uniq_sonja
Lair:3:   layout_cave_shapes, infiniplex_staircase_pool_2, lemuel_fruit_fields,
          uniq_nergalle
Lair:4:   layout_cave_pods, minmay_snake_entry_guardpost_small,
          grunt_forest_small_clearing_treed, lemuel_fruit_tree,
          grunt_megastairs_1
Lair:5:   layout_gridlike, dpeg_slime_entry_enclosed_altar, st_stairs_10
Lair:6:   wormcave, layout_hall_layers, hangedman_lair_in_review,
          grunt_forest_large_clearings, uniq_nessos
Swamp:1:  layout_basic_swamp, evilmike_swamp_ruin_house_4, swamp_pool5,
          uniq_josephine
Swamp:2:  layout_basic_swamp, basic_altar
Swamp:3:  layout_falls_marsh, nicolae_swamp_very_dense_foliage, kb_tengu_band,
          uniq_nikola
Swamp:4:  swamp, layout_basic_swamp
Snake:1:  dpeg_oklob_gauntlet, layout_rooms, gammafunk_ghost_grave
Snake:2:  layout_chambers, uniq_vashnia, uniq_agnes
Snake:3:  nicolae_snake_crotalidae_crossing, layout_basic, uniq_aizul,
          uniq_kirke
Orc:1:    lemuel_ogre_cave, layout_caves, serial_shops,
          nicolae_shop_behind_doors, uniq_gastronok
Orc:2:    st_orc_ogre_mass, layout_caves, serial_shops, shop_statue, shop, shop,
          portal_ice_cave_entry_ice_simulacra, kennysheep_orc_sif_temple,
          uniq_azrael, uniq_donald
Elf:1:    layout_onion_city, orc_legates

Skill      XL: |  1  2  3  4  5  6  7  8  9 10 11 12 13 14 15 16 17 18 |
---------------+-------------------------------------------------------+-----
Earth Magic    | 4 5 6 7 10 11 12 13 14 15 16 17 | 17.0
Fighting       | 1 2 3 5 6 7 8 9 10 11 | 11.9
Armour         | 1 2 3 5 6 7 8 9 10 11 | 11.2
Dodging        | 2 3 4 5 6 |  6.0
Stealth        | 3 4 6 7 8 9 10 11 12 | 12.6
Spellcasting   | 3 4 5 7 8 9 10 11 12 13 | 13.7
Conjurations   | 2 3 7 8 10 11 12 13 14 | 14.8
Shields        | 2 3 5 6 7 8 9 |  9.0
Fire Magic     | 1 3 4 5 6 8 9 |  9.3
Transmutations | |  0.7

Action                   |  1- 3 |  4- 6 |  7- 9 | 10-12 | 13-15 | 16-18 || total
-------------------------+-------+-------+-------+-------+-------+-------++-------
Melee: Short sword       |     7 |       |       |       |       |       ||     7
       Spear             |       |     3 |     1 |       |       |       ||     4
       Flail             |       |       |    36 |   100 |   539 |     8 ||   683
       Punch             |       |       |       |     4 |     1 |       ||     5
 Cast: Sandblast         |    31 |    57 |   182 |    35 |   188 |    82 ||   575
       Stone Arrow       |       |       |    44 |   280 |   282 |    25 ||   631
       Fireball          |       |       |       |       |   172 |   476 ||   648
       Petrify           |       |       |       |       |     1 |       ||     1
       Iron Shot         |       |       |       |       |       |    68 ||    68
       Sticky Flame      |       |       |       |       |       |     4 ||     4
Evoke: Wand              |       |       |       |       |     3 |     6 ||     9
       Phial of floods   |       |       |       |       |       |     1 ||     1
       Condenser vane    |       |       |       |       |       |     1 ||     1
  Use: Scroll            |       |     8 |    14 |     1 |    20 |     4 ||    47
       Potion            |       |       |     3 |     2 |     5 |    13 ||    23
 Stab: Sleeping          |     1 |     2 |     1 |       |     2 |       ||     6
       Petrified         |       |       |       |       |     3 |       ||     3
Armor: Robe              |     7 |     6 |    11 |       |       |       ||    24
       Leather armour    |       |       |    50 |    25 |       |       ||    75
       Steam dragon scal |       |       |       |   110 |   619 |   146 ||   875
Dodge: Dodged            |     5 |     8 |    78 |   187 |   807 |   128 ||  1213
Block: Buckler           |       |       |       |       |   265 |    25 ||   290
       Kite shield       |       |       |       |       |       |    81 ||    81
